AoeStats
← Caketown

Arabia

509590312Analyzed
1v1 RM · 4d ago on Sep 27, 2026· 53m 57s· 2 players
Game mode
Random Map
Map size
Tiny (2 player)
Population
200
Speed
Normal
Resources
Standard
Victory
Conquest
Starting age
Dark Age
Ending age
Imperial Age
RankedLock teamsTeams togetherTeam positionsShared explorationLock speedFull tech treeHidden civsTurbo modeCheats
Victory
Defeat
🇩🇪 Varangians · Germany
1251
+16
🇦🇺 Persians · Australia
1257
-16
Schmufus
7:16 Loom
9:27 Feudal Age
10:57 Bloodlines
14:20 Double-Bit Axe
21:09 Castle Age
20:01 Scale Barding Armor
20:05 Gold Mining
20:00 Horse Collar
20:58 Scale Mail Armor
21:08 Forging
22:12 Chain Barding Armor
26:47 Scale Mail Armor
28:46 Squires
31:11 Wheelbarrow
31:33 Town Watch
32:10 Bow Saw
34:09 Pikeman
36:09 Iron Casting
37:13 Chain Mail Armor
38:22 Hand Cart
38:08 Heavy Plow
43:46 Imperial Age
41:28 Arson
41:30 Gambesons
43:29 Fletching
43:51 Masonry
44:10 Stone Mining
45:04 Plate Mail Armor
43:57 Elite Varangian Guard
45:09 Crop Rotation
45:40 Two-Man Saw
44:06 Gothikon
46:31 Blast Furnace
45:52 Conscription
45:54 Ballistics
46:35 Chemistry
46:05 Architecture
48:11 Bodkin Arrow
48:24 Siege Engineers
49:24 Bracer
49:25 Padded Archer Armor
48:50 Elite Skirmisher
51:38 Leather Archer Armor
52:09 Stone Shaft Mining
52:34 Guilds
Caketown
5:47 Loom
9:10 Feudal Age
13:42 Fletching
15:11 Double-Bit Axe
21:37 Castle Age
19:59 Gold Mining
20:56 Forging
22:17 Scale Barding Armor
25:20 Husbandry
25:15 Horse Collar
26:46 Bloodlines
31:47 Iron Casting
35:21 Wheelbarrow
35:32 Bodkin Arrow
39:51 Hand Cart
40:25 Parthian Tactics
40:07 Padded Archer Armor
40:17 Thumb Ring
40:30 Thumb Ring
43:04 Ballistics
45:21 Imperial Age
43:45 Leather Archer Armor
44:19 Bow Saw
45:34 Heavy Cavalry Archer
48:16 Two-Man Saw
48:04 Town Watch
50:06 Chemistry
52:17 Heavy Plow
Connection lost

Rejoining the realm…

Still unreachable

The connection could not be restored.

Session expired

The server has moved on; the page needs a fresh start.